Map: Deathaura LE

Players

theManiX - Winner!

  • Race: Terran Terran
  • League: Diamond
  • Spawn Location: 11:00

Gabriel

  • Race: Terran Terran
  • League: Diamond
  • Spawn Location: 5:00

VOD

Have the link to the VOD?

Description

Time

  • Played on: Aug. 29, 2020, 7:49 p.m.
  • Length: 16:45
Show
View Real Time Build Order
Export as new Build Order

theManiX Terran - Winner!

Build Orders: 1/1/1, Liberator Opening 

Get SALT Encoding   

  12  0:01  SCV  
  13  0:13  SCV  
  14  0:18  Supply Depot  
  14  0:25  SCV  
  15  0:40  SCV  
  15  0:42  Barracks  
  16  0:46  Refinery  
  16  0:52  SCV  
  16  0:55  Refinery  
  17  1:04  SCV  
  18  1:16  SCV  
  19  1:34  Orbital Command  
  19  1:41  Barracks Reactor  
  19  1:43  Factory  
  19  1:48  Supply Depot  
  19  2:02  SCV  
  19  2:15  SCV  
  19  2:18  Marine x2  
  22  2:28  SCV  
  22  2:29  Starport, Factory Tech Lab  
  23  2:35  Supply Depot  
  23  2:37  Marine  
  23  2:40  SCV, Marine  
  26  2:50  Siege Tank  
  29  2:52  SCV  
  30  3:04  SCV  
  31  3:14  Barracks Reactor  
  31  3:15  Viking  
  31  3:17  SCV  
  34  3:22  Siege Tank  
  37  3:31  Viking  
  39  3:40  Supply Depot  
  39  3:52  Supply Depot  
  39  4:02  SCV, Marine x2, Liberator  
  45  4:16  SCV  
  46  4:20  Viking  
  48  4:34  Command Center  
  48  4:38  Marine  
  46  4:54  Marine  
  46  4:55  Siege Tank  
  46  4:56  Marine  
  51  5:11  Marine  
  51  5:14  Marine  
  50  5:16  SCV  
  52  5:27  Siege Tank  
  55  5:45  Viking x2, Marine x2  
  55  5:47  Supply Depot  
  51  6:02  Siege Tank  
  51  6:03  Marine x2  
  52  6:17  Viking  
  53  6:20  Marine x2  
  53  6:22  SCV  
  54  6:28  Orbital Command  
  54  6:38  Marine  
  55  6:42  Viking  
  57  6:50  Siege Tank  
  57  6:51  SCV, Marine  
  62  7:03  SCV  
  57  7:08  Marine  
  57  7:21  Marine  
  57  7:22  Siege Tank  
  58  7:29  Viking  
  56  7:42  Marine x2  
  56  7:43  Viking  
  56  7:44  SCV  
  61  7:51  Barracks  
  56  7:59  Medivac  
  56  8:01  Marine  
  56  8:04  Marine  
  57  8:10  SCV  
  58  8:13  Viking  
  59  8:20  SCV  
  59  8:22  Marine  
  59  8:26  Barracks  
  58  8:29  Barracks  
  58  8:38  Viking  
  58  8:43  Viking, SCV  
  58  8:46  SCV  
  58  8:47  Marine x2  
  64  8:51  Barracks Tech Lab  
  64  8:53  Refinery  
  64  8:55  SCV  
  61  9:08  Marine x2  
  61  9:09  Siege Tank  
  54  9:14  SCV  
  54  9:15  Command Center  
  55  9:18  SCV  
  55  9:20  Barracks Reactor  
  55  9:21  Barracks Reactor  
  56  9:26  SCV  
  56  9:30  SCV  
  58  9:31  Refinery  
  58  9:35  Engineering Bay, Marine  
  59  9:38  Marine  
  59  9:39  SCV, Marine  
  59  9:43  SCV  
  59  9:44  Combat Shield  
  61  9:53  Marine  
  61  9:54  Siege Tank  
  61  9:56  SCV  
  66  10:00  SCV  
  66  10:01  Marine x3  
  66  10:03  Engineering Bay  
  70  10:08  SCV  
  70  10:13  SCV  
  72  10:15  Missile Turret, Marine  
  72  10:17  Supply Depot  
  72  10:19  Marine  
  74  10:24  Missile Turret  
  74  10:26  SCV x2  
  74  10:27  Marine  
  77  10:30  Supply Depot  
  77  10:33  Terran Infantry Armor Level 1  
  77  10:40  Factory  
  77  10:42  Orbital Command  
  77  10:50  SCV  
  77  10:51  Marine x2  
  77  10:52  Viking  
  77  10:54  SCV  
  83  10:57  Terran Infantry Weapons Level 1  
  83  10:58  Supply Depot, Marine  
  84  11:04  Marine x2  
  84  11:05  SCV  
  84  11:06  Marine  
  88  11:11  Marine  
  88  11:12  Marine  
  88  11:13  Supply Depot  
  90  11:20  Marine x2  
  90  11:21  SCV x2  
  90  11:25  Viking  
  96  11:29  Medivac  
  96  11:30  Marine  
  96  11:31  Marine  
  100  11:33  Factory Tech Lab  
  100  11:37  SCV  
  102  11:40  SCV x2  
  102  11:45  Siege Tank  
  106  11:49  SCV  
  106  11:52  SCV, Armory  
  108  11:58  SCV  
  108  11:59  Marine  
  110  12:04  Refinery  
  110  12:05  Supply Depot  
  110  12:06  Refinery, Marine x2  
  112  12:17  SCV, Siege Tank  
  112  12:18  SCV  
  112  12:21  Viking x2  
  112  12:22  Marine x2  
  122  12:28  Sensor Tower  
  122  12:30  Marine x2  
  122  12:31  Stimpack  
  122  12:33  SCV  
  128  12:37  Siege Tank  
  128  12:41  Supply Depot  
  128  12:43  Supply Depot  
  128  12:46  Marine  
  128  12:47  Marine  
  128  12:49  Siege Tank  
  128  12:51  Marine x2  
  135  12:58  SCV  
  136  13:06  Command Center  
  136  13:09  Siege Tank  
  139  13:15  SCV  
  139  13:16  Marine x2  
  139  13:18  SCV, Supply Depot  
  143  13:20  Marine x2  
  143  13:21  Siege Tank  
  145  13:33  Marine x2  
  147  13:35  SCV  
  147  13:37  Marine x4  
  147  13:40  Terran Infantry Armor Level 2  
  147  13:41  Siege Tank  
  155  13:44  Liberator  
  158  13:49  Terran Vehicle Weapons Level 1  
  158  13:50  SCV x2  
  158  13:53  Siege Tank  
  163  13:58  Marine x2  
  165  14:03  Medivac  
  165  14:04  SCV  
  165  14:09  Marine x2  
  169  14:13  Siege Tank  
  169  14:15  Barracks  
  173  14:17  Supply Depot  
  173  14:19  Marine x2  
  173  14:20  SCV  
  176  14:25  Siege Tank  
  176  14:26  Barracks  
  176  14:29  Marine  
  180  14:33  SCV  
  180  14:37  Missile Turret  
  181  14:45  Siege Tank  
  184  14:47  Marine x2  
  186  14:54  Marine x2  
  186  14:57  Siege Tank  
  191  15:03  Planetary Fortress  
  191  15:04  Marine x2  
  193  15:08  Missile Turret  
  193  15:09  Refinery  
  193  15:11  Marine x2  
  192  15:17  Siege Tank  
  195  15:26  Medivac  
  196  15:32  Siege Tank  
  189  15:40  Marine x2  
  189  15:41  Marine  
  189  15:42  Marine  
  180  15:44  Viking  
  180  15:49  Siege Tank  
  181  15:54  Marine x2  
  181  15:56  SCV, Viking  
  186  15:57  Supply Depot  
  186  15:58  Marine  
  186  15:59  Marine x2, Barracks  
  186  16:00  Barracks  
  189  16:04  Siege Tank  
  171  16:19  Marine x3  
Show
View Real Time Build Order
Export as new Build Order

Gabriel Terran 

Build Orders:  

Get SALT Encoding   

  12  0:00  SCV  
  13  0:13  SCV  
  14  0:18  Supply Depot  
  14  0:25  SCV  
  15  0:29  Refinery  
  15  0:39  SCV  
  16  0:46  Barracks  
  16  0:51  SCV  
  17  0:57  Refinery  
  17  1:03  SCV  
  18  1:15  SCV  
  19  1:29  SCV  
  20  1:34  Reaper  
  20  1:37  Factory  
  21  1:42  Orbital Command  
  21  1:50  Supply Depot  
  21  2:08  Reaper  
  22  2:09  SCV  
  23  2:21  Hellion  
  23  2:22  SCV  
  26  2:34  SCV  
  27  2:41  Command Center  
  27  2:45  Factory Tech Lab  
  27  2:50  Barracks Reactor  
  27  2:51  SCV  
  28  2:55  Supply Depot  
  28  3:03  SCV  
  29  3:15  SCV  
  29  3:17  Cyclone  
  33  3:23  Supply Depot  
  33  3:27  SCV  
  33  3:33  Marine x2  
  35  3:39  SCV  
  36  3:42  Bunker  
  36  3:49  Starport  
  36  3:50  Siege Tank  
  36  3:54  SCV  
  40  3:58  Marine x2  
  42  4:03  Orbital Command  
  42  4:06  SCV  
  43  4:18  SCV  
  44  4:25  Starport Tech Lab  
  44  4:26  Siege Tank  
  44  4:30  SCV  
  47  4:33  Marine  
  48  4:44  Marine  
  44  4:47  Raven  
  44  4:48  SCV  
  44  4:51  Marine  
  47  4:58  SCV  
  47  4:59  Barracks  
  48  5:01  Command Center  
  48  5:02  Marine  
  46  5:07  Siege Tank  
  46  5:08  SCV  
  46  5:09  Marine  
  46  5:13  Supply Depot  
  46  5:14  SCV  
  52  5:19  Marine  
  52  5:20  SCV  
  54  5:26  Marine  
  52  5:35  SCV  
  52  5:37  Marine  
  52  5:39  SCV  
  54  5:44  Marine  
  55  5:55  Marine  
  55  5:57  Marine  
  50  6:02  Marine  
  51  6:05  Raven  
  51  6:08  Siege Tank  
  51  6:09  Barracks  
  56  6:13  Marine  
  56  6:17  Marine  
  54  6:20  Marine  
  54  6:24  SCV  
  56  6:31  Marine  
  57  6:38  Marine, Barracks Tech Lab  
  58  6:40  Siege Tank  
  58  6:44  Supply Depot, Barracks  
  60  6:48  Marine  
  58  6:55  Marine  
  59  7:06  Marine  
  46  7:19  Marine x2  
  46  7:20  Viking  
  46  7:21  Marine  
  48  7:24  Marine  
  48  7:26  SCV  
  50  7:36  Marine  
  47  7:37  Marine x2  
  47  7:39  Marine  
  47  7:42  Orbital Command, Marine  
  48  7:53  Viking  
  48  7:54  Marine  
  48  7:55  Marine x2, Siege Tank  
  48  7:57  Marine  
  57  8:00  Marine  
  57  8:12  Marine x2  
  58  8:13  Marine  
  58  8:14  Marine  
  58  8:17  Marine  
  62  8:30  Marine x3  
  62  8:32  Marine  
  66  8:35  Marine  
  67  8:48  Marine x3  
  67  9:04  Orbital Command  
  67  9:09  Marine x2  
  62  9:10  SCV  
  63  9:19  SCV  
  63  9:22  Barracks Reactor, SCV  
  63  9:23  Stimpack  
  65  9:24  Barracks Reactor  
  65  9:27  Marine  
  65  9:30  SCV  
  65  9:31  SCV  
  68  9:32  Marine  
  68  9:34  SCV  
  68  9:37  Marine  
  71  9:39  Starport Reactor  
  71  9:42  SCV  
  71  9:45  Marine  
  73  9:49  Marine, Siege Tank  
  77  9:53  Engineering Bay  
  77  9:55  Marine  
  77  9:56  Engineering Bay  
  77  9:58  SCV, Marine  
  80  10:00  Marine  
  80  10:01  Refinery x2  
  80  10:02  Marine  
  80  10:04  Marine x2  
  84  10:07  Marine  
  84  10:14  Supply Depot x2  
  85  10:35  SCV x3, Medivac x2, Marine x5, Siege Tank  
  93  10:38  Refinery x2  
  100  10:44  Supply Depot, Terran Infantry Weapons Level 1  
  100  10:45  Marine, Terran Infantry Armor Level 1  
  100  10:46  Supply Depot  
  101  11:03  Supply Depot x2  
  101  11:04  Combat Shield  
  101  11:05  Marine x4  
  101  11:06  SCV x3  
  101  11:08  Siege Tank  
  111  11:13  Viking  
  111  11:15  Marine x3  
  111  11:18  SCV  
  117  11:24  SCV x2  
  119  11:26  Supply Depot  
  119  11:30  Armory, SCV  
  119  11:31  Supply Depot, Marine  
  121  11:36  SCV x2  
  123  11:42  SCV  
  123  11:43  Sensor Tower  
  124  11:48  SCV x2, Marine x4  
  124  11:51  Sensor Tower  
  130  11:54  SCV  
  130  11:55  Siege Tank  
  130  12:00  SCV  
  135  12:08  Marine x3  
  136  12:10  Command Center  
  136  12:11  Viking  
  136  12:12  Marine  
  136  12:13  SCV  
  142  12:22  SCV  
  143  12:24  Marine  
  143  12:25  Marauder  
  145  12:31  Terran Vehicle Weapons Level 1  
  145  12:36  Marine  
  146  12:37  SCV, Marine  
  146  12:39  SCV  
  149  12:45  Terran Infantry Weapons Level 2  
  149  12:47  Factory  
  149  12:49  Terran Infantry Armor Level 2  
  149  12:57  Marine  
  149  13:02  Marine  
  149  13:19  Starport, Barracks  
  149  13:21  Viking x2, SCV x2, Marauder, Marine x4, Siege Tank  
  149  13:24  Starport  
  164  13:29  Refinery  
  164  13:31  SCV, Marine  
  164  13:32  Supply Depot, Marine  
  164  13:33  Supply Depot  
  162  13:37  Factory Tech Lab  
  162  13:39  Marine x2  
  162  13:40  Refinery  
  163  13:49  Command Center  
  163  13:52  Planetary Fortress  
  163  13:54  Marauder  
  164  13:58  Marine  
  165  14:04  Siege Tank x2  
  165  14:05  Raven  
  171  14:29  Viking x2  
  171  14:30  Starport Reactor  
  171  14:31  Marine  
  175  14:36  Siege Tank  
  175  14:38  Marine  
  179  14:39  Barracks Reactor  
  179  14:43  Marine  
  180  14:48  Supply Depot  
  180  14:49  Supply Depot  
  180  14:50  Supply Depot  
  180  14:59  Missile Turret  
  180  15:00  Missile Turret, Marine  
  180  15:01  Marauder, Siege Tank  
  180  15:03  Missile Turret  
  180  15:04  Missile Turret  
  180  15:05  Missile Turret x2  
  186  15:23  Siege Tank  
  186  15:26  Viking x2  
  186  15:27  Viking  
  195  15:33  Siege Tank  
  175  15:45  Viking x2  
  168  15:54  Marine  
  168  15:55  Marine x2, Siege Tank  
  168  15:56  Viking  
  170  16:18  Marine x3  
Tags
 
Add a new tag
Caveats
  • Supply blocks, unpowered buildings, or Contaminate may cause inaccurate times.
  • Supply counts are checked every 10 seconds.